Map: Lost and Found LE

Players

Silky

  • Race: Zerg Zerg
  • Spawn Location: 1:00

ShoWTimE - Winner!

  • Race: Protoss Protoss
  • Spawn Location: 7:00

Event: WCS Valencia 2018

VOD

Have the link to the VOD?

Description

Time

  • Played on: July 12, 2018, 12:58 p.m.
  • Length: 20:04

All games in this series

Show
View Real Time Build Order
Export as new Build Order

Silky Zerg 

Build Orders: Hatch First 

Get SALT Encoding   

  12  0:00  Drone  
  13  0:12  Overlord  
  13  0:16  Drone  
  14  0:30  Drone x2  
  16  0:47  Hatchery  
  15  0:51  Drone  
  15  0:54  Drone  
  17  0:57  Drone  
  18  1:08  Extractor  
  17  1:15  Spawning Pool, Drone  
  17  1:18  Drone  
  18  1:27  Drone  
  19  1:38  Overlord  
  19  1:49  Drone  
  20  2:02  Queen x2  
  20  2:03  Zergling x4  
  26  2:08  Metabolic Boost  
  26  2:11  Drone  
  26  2:12  Drone  
  28  2:20  Drone  
  28  2:21  Drone  
  30  2:35  Hatchery  
  29  2:37  Drone  
  29  2:43  Queen  
  32  2:48  Overlord  
  32  2:52  Drone  
  32  2:57  Drone x3  
  36  3:05  Overlord  
  36  3:10  Drone x2  
  36  3:12  Drone x2  
  40  3:13  Drone  
  40  3:17  Drone x2  
  43  3:22  Queen  
  45  3:27  Overlord  
  45  3:30  Overlord  
  45  3:35  Drone x2  
  45  3:39  Drone  
  45  3:41  Drone  
  49  3:45  Spore Crawler  
  49  3:46  Spore Crawler, Drone  
  48  3:50  Lair  
  48  3:53  Zergling x4  
  50  3:58  Queen  
  50  4:00  Drone  
  50  4:01  Drone  
  50  4:02  Drone  
  55  4:04  Extractor  
  55  4:05  Drone  
  55  4:08  Spore Crawler  
  55  4:09  Overlord  
  54  4:13  Drone x2  
  55  4:18  Drone x2  
  55  4:19  Extractor  
  55  4:23  Drone x3  
  59  4:28  Drone x3  
  59  4:30  Drone  
  59  4:31  Drone  
  64  4:35  Queen  
  66  4:40  Queen  
  66  4:45  Overlord  
  68  4:47  Zergling x2  
  68  4:48  Zergling x4  
  68  4:52  Hydralisk Den, Zergling x2  
  70  4:55  Zergling x4  
  70  4:56  Zergling x2  
  70  4:59  Overlord  
  73  5:02  Spine Crawler  
  73  5:04  Zergling x4  
  74  5:09  Zergling x2  
  74  5:10  Zergling x6  
  78  5:15  Drone x2  
  78  5:17  Extractor  
  78  5:18  Zergling x8, Evolution Chamber  
  83  5:23  Queen  
  83  5:27  Drone x3  
  88  5:30  Spore Crawler  
  88  5:32  Overlord  
  88  5:34  Drone x2  
  89  5:37  Overlord  
  89  5:40  Overlord  
  86  5:47  Overlord  
  85  5:50  Muscular Augments  
  85  5:51  Zerg Missile Weapons Level 1  
  85  5:52  Drone  
  85  5:53  Drone x2  
  85  5:55  Drone x2  
  90  5:59  Drone x2  
  90  6:01  Drone x2  
  94  6:05  Drone  
  94  6:06  Drone x2  
  94  6:08  Drone  
  98  6:17  Hydralisk x4  
  104  6:21  Hydralisk x2  
  108  6:29  Drone x2  
  108  6:30  Drone  
  108  6:31  Hydralisk x2, Spore Crawler  
  108  6:32  Extractor  
  113  6:35  Overlord  
  113  6:46  Overlord x2  
  112  6:51  Overlord  
  112  6:59  Overlord  
  112  7:00  Baneling Nest  
  111  7:03  Hatchery  
  106  7:08  Hydralisk x2  
  106  7:09  Hydralisk x6  
  106  7:12  Grooved Spines  
  122  7:17  Drone x3  
  122  7:20  Extractor  
  122  7:22  Zergling x6  
  127  7:23  Zergling x6  
  127  7:27  Hydralisk  
  127  7:29  Overlord  
  132  7:33  Drone  
  133  7:37  Hydralisk x2  
  133  7:42  Overlord x2  
  137  7:44  Centrifical Hooks  
  137  7:46  Zerg Melee Weapons Level 1  
  137  7:52  Evolution Chamber  
  136  7:59  Drone x4  
  136  8:00  Drone x6  
  146  8:10  Queen  
  146  8:11  Zergling x4  
  146  8:12  Zergling x2  
  151  8:16  Drone x2  
  151  8:17  Zergling x2, Spore Crawler  
  153  8:23  Zerg Missile Weapons Level 2  
  153  8:24  Zergling x2  
  153  8:31  Baneling  
  153  8:32  Baneling x25  
  153  8:33  Baneling x3  
  153  8:36  Zergling x6  
  153  8:37  Zergling x4  
  153  8:41  Baneling x6  
  158  8:49  Zergling x16  
  158  8:50  Zergling x2  
  167  8:58  Zergling x2  
  167  9:00  Overlord  
  158  9:14  Zergling x6  
  158  9:15  Zergling x16  
  167  9:18  Overlord  
  167  9:23  Zergling x2  
  167  9:24  Zergling x16  
  148  9:31  Hydralisk  
  148  9:32  Hydralisk x3  
  148  9:39  Hydralisk x2  
  148  9:41  Spire  
  148  9:43  Hydralisk x4  
  159  9:47  Drone x2  
  159  9:48  Hatchery, Overseer x2  
  159  9:51  Drone  
  159  9:52  Drone x3  
  164  9:53  Extractor, Hydralisk  
  164  9:58  Hydralisk x2  
  167  10:05  Hydralisk x4  
  173  10:11  Infestation Pit  
  173  10:12  Hydralisk x2  
  176  10:15  Hydralisk  
  176  10:26  Baneling x4  
  176  10:27  Baneling x2  
  176  10:30  Zergling x14  
  182  10:42  Zergling x22  
  180  10:43  Zergling x2  
  180  10:47  Zergling x4  
  180  10:48  Zergling x10  
  173  10:57  Zergling x6  
  173  10:58  Zergling x2  
  177  11:04  Corruptor  
  177  11:08  Corruptor x4, Hive  
  187  11:14  Drone x3  
  190  11:21  Extractor  
  190  11:24  Overlord x3  
  189  11:26  Overlord  
  189  11:31  Drone  
  190  11:33  Spine Crawler x3  
  190  11:37  Pneumatized Carapace  
  190  11:38  Overseer x3  
  185  11:43  Corruptor x3  
  191  11:53  Baneling x6  
  191  11:56  Zerg Melee Weapons Level 2  
  191  11:57  Zerg Ground Armor Level 1  
  187  12:02  Drone x4  
  187  12:04  Drone  
  187  12:05  Spine Crawler, Spore Crawler  
  187  12:07  Spine Crawler  
  189  12:09  Spine Crawler  
  185  12:29  Greater Spire  
  181  12:30  Adrenal Glands  
  181  12:34  Hydralisk  
  181  12:35  Zergling x34  
  192  12:43  Corruptor x4  
  192  12:44  Corruptor  
  191  12:46  Overseer  
  191  12:47  Drone  
  191  12:48  Drone  
  199  12:58  Overlord, Overseer  
  197  12:59  Overseer  
  197  13:05  Baneling x9  
  197  13:06  Baneling x14  
  197  13:15  Zergling x4  
  197  13:24  Corruptor  
  199  13:29  Overseer  
  199  13:30  Overseer x2  
  196  13:41  Hydralisk  
  196  13:42  Zergling x4  
  196  13:44  Zerg Flyer Weapons Level 1  
  196  13:46  Spire  
  199  13:48  Pathogen Glands  
  189  13:56  Hydralisk, Zergling x8  
  189  13:57  Zergling x10  
  200  14:06  Overlord x3  
  200  14:07  Overlord x2  
  196  14:16  Baneling x4  
  196  14:17  Baneling x4  
  186  14:19  Overlord x3  
  167  14:32  Zergling x6  
  167  14:33  Zergling x38  
  173  14:41  Zergling x10  
  154  14:48  Hydralisk x2  
  154  14:49  Zergling x2  
  154  14:52  Drone x3  
  160  14:53  Drone  
  160  14:55  Zergling x2  
  160  14:56  Zergling x4  
  160  14:58  Corruptor  
  161  15:03  Corruptor x2  
  162  15:10  Hydralisk x3  
  162  15:12  Queen  
  162  15:13  Drone  
  162  15:14  Drone x3  
  174  15:19  Spine Crawler  
  174  15:20  Spine Crawler  
  172  15:21  Spine Crawler, Hydralisk x2  
  172  15:22  Spine Crawler, Hydralisk x5  
  172  15:25  Overseer x2  
  172  15:26  Overseer x2  
  172  15:27  Hydralisk  
  185  15:40  Baneling  
  185  15:41  Baneling x13  
  183  15:50  Corruptor x4  
  164  15:58  Corruptor x2  
  154  16:10  Corruptor x2  
  158  16:14  Hatchery  
  157  16:18  Hydralisk  
  157  16:19  Hydralisk x2, Zergling x4  
  157  16:23  Hydralisk x2  
  157  16:24  Hydralisk  
  171  16:27  Zergling x4  
  171  16:31  Brood Lord  
  175  16:35  Brood Lord  
  175  16:36  Brood Lord  
  181  16:40  Brood Lord  
  181  16:44  Zerg Flyer Weapons Level 2  
  181  16:46  Brood Lord  
  182  16:55  Extractor  
  182  16:56  Brood Lord x3  
  179  17:13  Corruptor x3  
  174  17:22  Overlord  
  164  17:24  Corruptor x2  
  166  17:34  Corruptor x2  
  163  17:41  Drone x6  
  163  17:42  Drone x4  
  171  17:46  Drone x3  
  171  17:48  Corruptor x2  
  176  17:51  Zergling x2  
  176  17:59  Corruptor x2  
  180  18:08  Extractor, Zergling x24  
  191  18:13  Overseer x2  
  191  18:14  Overlord  
  191  18:16  Overseer  
  182  18:29  Hydralisk  
  182  18:30  Zergling x22  
  164  18:37  Corruptor x2  
  146  18:44  Corruptor  
  141  18:52  Drone  
  141  18:53  Drone x6  
  143  18:57  Corruptor  
  143  19:01  Corruptor  
  139  19:15  Corruptor  
  141  19:19  Corruptor, Hatchery  
  141  19:23  Overseer  
  142  19:26  Corruptor  
Show
View Real Time Build Order
Export as new Build Order

ShoWTimE Protoss - Winner!

Build Orders: 1 Gate Expand, Oracle Opening, Phoenix Opening, Carriers, Chargelot Immortal, Mass Phoenix 

Get SALT Encoding   

  12  0:00  Probe  
  13  0:12  Probe  
  14  0:18  Pylon  
  14  0:24  Probe  
  15  0:33  Probe  
  15  0:39  Gateway  
  15  0:41  Probe  
  16  0:46  Assimilator  
  17  0:51  Probe  
  18  1:03  Probe  
  19  1:15  Probe  
  20  1:24  Nexus  
  20  1:35  Cybernetics Core  
  20  1:38  Probe  
  21  1:43  Assimilator  
  21  1:50  Probe  
  21  1:53  Pylon  
  22  2:02  Probe  
  22  2:03  Adept  
  23  2:14  Probe  
  26  2:16  Stargate  
  26  2:23  Warp Gate  
  26  2:26  Probe  
  26  2:29  Adept  
  27  2:32  Probe  
  30  2:39  Probe  
  30  2:40  Probe  
  31  2:50  Probe  
  31  2:51  Probe  
  33  2:52  Phoenix  
  33  2:56  Adept  
  36  3:03  Probe x2  
  40  3:07  Oracle  
  40  3:09  Pylon  
  40  3:15  Probe x2  
  45  3:22  Assimilator  
  45  3:25  Assimilator  
  45  3:27  Probe  
  45  3:29  Probe  
  47  3:36  Gateway  
  47  3:39  Probe  
  47  3:41  Probe  
  49  3:43  Pylon  
  49  3:47  Probe  
  49  3:49  Phoenix  
  49  3:53  Probe  
  49  3:55  Probe  
  53  4:01  Stargate  
  54  4:05  Probe x2  
  54  4:09  Phoenix  
  58  4:17  Probe  
  58  4:18  Probe, Pylon  
  60  4:29  Phoenix  
  60  4:33  Pylon  
  60  4:37  Adept x2  
  66  4:38  Phoenix  
  68  4:47  Pylon  
  68  4:54  Phoenix  
  70  5:00  Nexus  
  70  5:03  Probe x2  
  70  5:06  Phoenix  
  72  5:11  Shield Battery  
  72  5:14  Phoenix  
  74  5:15  Probe  
  74  5:16  Probe  
  74  5:18  Pylon  
  76  5:28  Probe x2  
  80  5:30  Pylon  
  80  5:33  Phoenix  
  82  5:40  Probe  
  82  5:42  Phoenix  
  85  5:47  Shield Battery  
  85  5:53  Robotics Facility  
  85  5:54  Robotics Facility  
  85  5:56  Probe  
  86  5:59  Probe  
  87  6:08  Sentry x2, Probe  
  87  6:11  Probe  
  93  6:12  Probe  
  93  6:14  Pylon  
  94  6:19  Pylon  
  94  6:20  Probe  
  94  6:25  Gateway  
  95  6:26  Gateway  
  95  6:31  Shield Battery  
  95  6:34  Immortal  
  95  6:35  Probe x3  
  95  6:37  Shield Battery  
  98  6:41  Forge  
  98  6:42  Twilight Council  
  102  6:51  Immortal  
  102  6:54  Shield Battery  
  106  6:59  Probe x3  
  105  7:11  Gateway, Probe  
  105  7:13  Immortal, Assimilator  
  105  7:14  Gateway, Protoss Ground Weapons Level 1, Charge  
  106  7:17  Assimilator  
  106  7:22  Immortal  
  110  7:26  Probe  
  110  7:28  Gateway  
  115  7:44  Templar Archives  
  115  7:45  Gateway, Immortal  
  115  7:51  Pylon  
  119  7:59  Immortal  
  119  8:02  Psionic Storm  
  119  8:04  Shield Battery  
  123  8:08  Photon Cannon  
  123  8:16  Immortal  
  123  8:19  Pylon  
  123  8:21  Nexus  
  127  8:28  Immortal, High Templar x2  
  127  8:29  Probe  
  127  8:33  Pylon  
  132  8:37  Pylon  
  136  8:43  Shield Battery  
  136  8:44  Shield Battery  
  136  8:45  Shield Battery  
  136  8:49  High Templar  
  136  8:51  Zealot x3  
  136  8:54  Immortal  
  136  8:55  Shield Battery  
  148  9:08  Observer  
  143  9:10  Sentry  
  143  9:11  Sentry  
  147  9:22  Immortal  
  147  9:23  High Templar  
  149  9:25  Immortal  
  149  9:29  Protoss Ground Weapons Level 2  
  149  9:35  Archon  
  149  9:36  High Templar  
  155  9:40  Assimilator  
  155  9:49  Assimilator  
  155  9:51  Pylon  
  155  9:54  Photon Cannon, Zealot x6  
  155  9:58  Immortal  
  169  10:07  High Templar  
  169  10:09  Immortal  
  175  10:15  Photon Cannon  
  175  10:17  Fleet Beacon  
  175  10:18  Pylon  
  175  10:20  Zealot x2  
  179  10:21  Probe  
  179  10:23  Pylon  
  179  10:28  Pylon  
  179  10:34  Photon Cannon  
  179  10:37  Immortal  
  179  10:39  Zealot  
  179  10:42  Mothership  
  181  10:46  Carrier  
  181  10:48  Zealot x2  
  181  10:49  Carrier  
  177  10:54  Protoss Air Weapons Level 1  
  183  11:09  Observer  
  186  11:16  Photon Cannon, High Templar  
  182  11:20  Photon Cannon, Graviton Catapult  
  182  11:25  Photon Cannon  
  180  11:32  Zealot x2  
  184  11:33  Zealot  
  184  11:44  High Templar x2  
  184  11:45  Protoss Ground Weapons Level 3  
  186  11:49  Photon Cannon, Archon  
  186  11:50  Pylon  
  184  11:59  Zealot x5  
  188  12:02  Carrier  
  188  12:08  Carrier  
  195  12:25  Zealot x2  
  199  12:30  Protoss Air Weapons Level 2  
  197  12:38  Photon Cannon  
  197  12:39  Photon Cannon  
  183  12:46  Stargate  
  179  13:01  Nexus  
  179  13:08  Pylon  
  179  13:11  High Templar x2  
  179  13:12  Carrier, High Templar x2  
  187  13:13  Zealot x2  
  187  13:15  Archon  
  187  13:16  Archon  
  196  13:47  Carrier  
  196  13:51  Nexus  
  196  14:07  Zealot x2  
  199  14:10  Carrier  
  195  14:25  Nexus, Carrier  
  195  14:27  Pylon  
  177  14:40  Archon  
  177  14:43  High Templar x8  
  160  14:52  Archon x2  
  134  15:07  Immortal  
  134  15:16  Warp Prism  
  134  15:19  High Templar x5  
  134  15:20  High Templar  
  151  15:21  Zealot x2  
  151  15:24  Archon  
  151  15:25  Archon x2  
  155  15:33  Carrier  
  155  15:36  Nexus  
  155  15:37  Pylon  
  155  15:44  Pylon  
  155  15:45  Zealot  
  155  15:48  Carrier  
  163  15:55  Zealot  
  163  15:56  Zealot x5  
  175  16:03  Photon Cannon  
  181  16:04  Protoss Air Weapons Level 3  
  181  16:08  Photon Cannon  
  181  16:20  High Templar x2  
  181  16:22  Assimilator  
  181  16:24  Carrier  
  185  16:26  Assimilator  
  185  16:28  Archon  
  191  16:45  Zealot x3  
  197  16:52  Probe x3  
  186  17:29  Zealot  
  176  17:30  Zealot x7  
  188  17:40  Shield Battery  
  188  17:43  Shield Battery  
  186  17:45  Photon Cannon  
  176  17:52  High Templar x3  
  176  17:53  High Templar  
  176  17:56  Pylon  
  184  18:02  Zealot x2  
  188  18:07  Zealot x2  
  188  18:11  Observer x2  
  180  18:34  Void Ray x3  
  164  18:43  High Templar x3  
  182  18:59  High Templar x4  
  168  19:04  Archon x2  
  162  19:10  Nexus  
  162  19:14  Pylon  
  162  19:16  Zealot x2  
  166  19:24  Zealot x2  
  170  19:40  Zealot x4  
  170  19:45  High Templar x2  
  170  19:46  High Templar x2  
  170  19:49  Archon x2  
Tags
 
Add a new tag
Caveats
  • Supply blocks, unpowered buildings, or Contaminate may cause inaccurate times.
  • Supply counts are checked every 10 seconds.